 Dungeon Crawl Stone Soup version 0.31-a0-233-g139696dc86 (webtiles) character file.

Game seed: 4506334391370531328

47 reriks the Firebug (level 3, -1/19 HPs)
             Began as a Gargoyle Fire Elementalist on July 9, 2023.
             Slain by a gnoll
             ... wielding a +0 flail
              (7 damage)
             ... on level 1 of the Dungeon.
             The game lasted 00:02:06 (2466 turns).

reriks the Firebug (Gargoyle Fire Elementalist)     Turns: 2466, Time: 00:02:07

Health: -1/19      AC:  5    Str: 11    XL:     3   Next: 70%
Magic:  3/6        EV: 12    Int: 17    God:
Gold:   64         SH:  0    Dex: 10    Spells: 6/7 levels left

rFire   + . .        d - +2 dagger (venom)
rCold   . . .        (no shield)
rNeg    + . .        a - +0 robe
rPois   ∞            (no helmet)
rElec   +            (no cloak)
rCorr   .            (no gloves)
SInv    .            (no boots)
Will    .....        (no amulet)
Stlth   ++           e - ring of protection from fire
HPRegen 0.23/turn    (no ring)
MPRegen 0.10/turn

%: no passive effects
@: no status effects
A: sickness immunity, AC +3, negative energy resistance 1, electricity
resistance, torment resistance 1, petrification resistance
a: no special abilities


You were on level 1 of the Dungeon.
You visited 1 branch of the dungeon, and saw 2 of its levels.

You collected 64 gold pieces.

Inventory:

Hand Weapons
 c - a +0 dagger
 d - a +2 dagger of venom (weapon)
Armour
 a - a +0 robe (worn)
Magical Staves
 f - a staff of death
Jewellery
 e - a ring of protection from fire (left hand)
 l - an amulet of faith
Scrolls
 h - 2 scrolls of teleportation {unknown}
 i - a scroll of torment {unknown}
 j - a scroll of identify {unknown}
Potions
 b - a potion of magic
 g - a potion of lignification {unknown}
 k - a potion of curing {unknown}


   Skills:
 + Level 2.1 Dodging
 - Level 2.1 Stealth
 + Level 2.5 Spellcasting
 + Level 2.0 Conjurations
 + Level 3.4 Fire Magic


You had 6 spell levels left.
You knew the following spells:

 Your Spells              Type           Power      Damage    Failure   Level
a - Foxfire               Conj/Fire      44%        2x1d6     6%          1

Your spell library contained the following spells:

 Spells                   Type           Power      Damage    Failure   Level
 Scorch                   Fire           26%        2d6       7%          2
 Inner Flame              Hex/Fire       7%         N/A       26%         3
 Volatile Blastmotes      Fire/Tloc      14%        2d11      26%         3
 Poisonous Vapours        Pois/Air       4%         N/A       28%         2
 Mephitic Cloud           Conj/Pois/Air  4%         N/A       38%         3
 Call Canine Familiar     Summ           2%         N/A       50%         3
 Portal Projectile        Hex/Tloc       4%         N/A       50%         3
 Flame Wave               Conj/Fire      11%        2d6       52%         4
 Leda's Liquefaction      Hex/Erth       1%         N/A       88%         4
 Freezing Cloud           Conj/Ice/Air   2%         6-21      98%         5


Dungeon Overview and Level Annotations

Branches:
Dungeon (2/15)

Altars:


Innate Abilities, Weirdness & Mutations

You are immune to sickness and miasma.
Your stone body is resilient. (AC +3)
You are immune to poison.
You resist negative energy. (rN+)
You are resistant to electric shocks. (rElec)
You are resistant to unholy torment.
You are immune to petrification.


Message History

You kill the frilled lizard!
Your foxfire dissipates!
A gnoll comes into view. It is wielding a +0 flail.
A gnoll is nearby!
A gnoll is nearby!
Casting: Foxfire (safe; 6% risk of failure)
Confirm with . or Enter, or press ? or * to list all spells.
You conjure some foxfire!
The gnoll shouts!
You hear a shout!
The foxfire hits the gnoll but does no damage.
The foxfire hits the gnoll.
The gnoll is heavily wounded.
A gnoll comes into view. It is wielding a +0 spear.
Casting: Foxfire (safe; 6% risk of failure)
Confirm with . or Enter, or press ? or * to list all spells.
You conjure some foxfire!
The gnoll shouts!
The foxfire hits the gnoll.
The gnoll is heavily wounded.
The foxfire hits the gnoll but does no damage.
The gnoll is heavily wounded.
There is a stone staircase leading up here.
Casting: Foxfire (safe; 6% risk of failure)
Confirm with . or Enter, or press ? or * to list all spells.
You conjure some foxfire!
The foxfire hits the gnoll.
The gnoll is almost dead.
The gnoll hits you with a +0 flail.
You climb upwards.
Your summoned ally is left behind.
There is a stone staircase leading down here.
Casting: Foxfire (safe; 6% risk of failure)
Confirm with . or Enter, or press ? or * to list all spells.
You conjure some foxfire!
The gnoll hits you with a +0 flail!
Ouch! That really hurt!
* * * LOW HITPOINT WARNING * * *
The foxfire hits the gnoll but does no damage.
The gnoll is severely wounded.
The foxfire hits the gnoll.
The gnoll is almost dead.
The gnoll hits you with a +0 flail!
You die...

#..# #####...(........# #.#
#..# ##.##.#.####.########.#
...###### #.##.#.# #.##.......#
........## #.##.#.##
#.##.#######
##..##.#.###.......###.##.###
##.#.###.####......##.##...#
#..## ##...........#.####.#
#.#.###.####.g....##.# #.#
#.##.#.## #..@..###.# #.#
#.###.## #.§#.####.####.#####
#.##########....)..............
#(†...................###).....
###############.#####.# #.####.
#.#####># #.# #. #.......# #.#
## ######### #.# #.#####


You could see a gnoll.

Vanquished Creatures
  A worm (D:2)
  A dart slug (D:1)
  A bat (D:1)
  4 endoplasms (D:1)
  7 goblins
  3 hobgoblins
  4 jackals
  2 kobolds
  2 quokkas (D:1)
  2 ball pythons
  5 frilled lizards
  6 rats
38 creatures vanquished.

Vanquished Creatures (others)
  128 foxfires
128 creatures vanquished.

Grand Total: 166 creatures vanquished

Notes
Turn   | Place    | Note
-------+----------+-------------------------------------------
     0 | D:1      | reriks the Gargoyle Fire Elementalist began the quest for
                  | the Orb.
     0 | D:1      | Reached XP level 1. HP: 10/10 MP: 3/3
   358 | D:1      | Reached XP level 2. HP: 15/15 MP: 1/5
  1582 | D:1      | Reached XP level 3. HP: 19/19 MP: 4/6
  2466 | D:1      | Slain by a gnoll

Illustrated notes

Levels and vault maps discovered:
D:1:      lemuel_arrival_river_ford, layout_loops_ring
D:2:      layout_loops_ring, shapermc_ecumenical_altar_rom_forum,
          minmay_surrounded, uniq_sigmund

Skill      XL: |  1  2  3 |
---------------+----------+-----
Dodging        | 2 |  2.1
Conjurations   | 2 |  2.0
Stealth        | |  2.1
Spellcasting   | |  2.5
Fire Magic     | |  3.4

Action                     || total
---------------------------++-------
  Melee: Dagger            ||     7
   Cast: Foxfire           ||    78
 Armour: Robe              ||    11
  Dodge: Dodged            ||    16

Table legend: (Time is in decaauts)
 A = Elapsed time spent in this place.
 B = Non-inter-level travel time spent in this place.
 C = Inter-level travel time spent in this place.
 D = Time resting spent in this place.
 E = Time spent auto-exploring this place.
 F = Levels seen in this place.
 G = Mean time per level.
                   A        B        C        D        E       F      G
               +--------+--------+--------+--------+--------+-----+--------+
         Total |   2474 |   2389 |     85 |   1280 |    793 |   2 | 1237.0 |
       Dungeon |   2474 |   2389 |     85 |   1280 |    793 |   2 | 1237.0 |
               +--------+--------+--------+--------+--------+-----+--------+

Top non-repeatable levels by time:
     D:1: 2008 daAuts
     D:2: 465 daAuts
